 Dungeon Crawl Stone Soup version 0.27.1-34-g3ba077fa99 (webtiles) character file.

Game seed: 14482562655306536700

85 dualclasshuman the Ruffian (level 4, -1/44 HPs)
             Began as a Troll Berserker on Jan 3, 2022.
             Was a Believer of Trog.
             Slain by a hobgoblin (2 damage)
             ... led by Robin
             ... on level 3 of the Dungeon.
             The game lasted 00:11:08 (1317 turns).

dualclasshuman the Ruffian (Troll Berserker)        Turns: 1317, Time: 00:11:08

Health: -1/44      AC:  4    Str: 25    XL:     4   Next: 25%
Magic:  3/3        EV: 10    Int:  3    God:    Trog [**....]
Gold:   65         SH:  0    Dex: 10    Spells: 3/3 levels left

rFire    . . .     SeeInvis .     - Unarmed
rCold    . . .     Faith    .   (no shield)
rNeg     . . .     Spirit   .   a - +0 animal skin
rPois    .         Reflect  .   (helmet restricted)
rElec    .         Harm     +   b - scarf {harm}
rCorr    +         Rampage  .   (gloves unavailable)
Will     .....                  (boots unavailable)
Stlth    +.........             (no amulet)
HPRegen  1.14/turn              f - ring of flight
MPRegen  0.08/turn              h - ring of resist corrosion

@: on berserk cooldown, flying, slowed, very slow
A: large, unfitting armour, claws 3, regeneration 1, shaggy fur 1, tough skin 1
a: Renounce Religion, Berserk, Trog's Hand


You were on level 3 of the Dungeon.
You worshipped Trog.
Trog was pleased with you.
You visited 1 branch of the dungeon, and saw 3 of its levels.

You collected 65 gold pieces.

Inventory:

Missiles
 e - 4 boomerangs (quivered)
Armour
 a - a +0 animal skin (worn)
 b - a scarf of harm (worn)
Jewellery
 f - a ring of flight (left claw)
 h - a ring of resist corrosion (right claw)
Scrolls
 c - a scroll of acquirement {unknown}
 d - a scroll of magic mapping {unknown}
 g - 2 scrolls of teleportation {unknown}
 j - a scroll of enchant armour {unknown}


   Skills:
 * Level 2.8 Fighting
 * Level 3.0 Dodging
 * Level 4.2 Unarmed Combat


You had 3 spell levels left.
You didn't know any spells.
Your spell library was empty.

Dungeon Overview and Level Annotations

Branches:
Dungeon (3/15)

Altars:

Shops:
D:1 !


Innate Abilities, Weirdness & Mutations

You are too large for most types of armour.
You have claws for hands.
Your natural rate of healing is unusually fast.
You are covered in fur. (AC +1)
You have tough skin. (AC +1)


Message History

The hobgoblin hits you. The goblin closely misses you.
You scratch the goblin.
The goblin is heavily wounded.
The goblin hits you but does no damage.
Unknown command.
You mangle the goblin!!
You kill the goblin!
Trog accepts your kill. The goblin barely misses you.
The hobgoblin barely misses you. The goblin hits you with a +0 club.
The goblin hits you but does no damage. The goblin hits you with a +0 club.
The hobgoblin barely misses you.
Robin laughs in a distinctly smug fashion.
Robin throws the goblin at you!
Things that are here:
a +0 club; a +0 dagger; a goblin corpse You claw Robin!
Robin is heavily wounded.
The goblin hits you with a +0 club. The goblin hits you but does no damage.
You scratch Robin.
You kill Robin!
Trog accepts your kill.
You are no longer berserk.
You are exhausted.
You feel yourself slow down. The goblin hits you with a +0 club.
* * * LOW HITPOINT WARNING * * *
The hobgoblin barely misses you. The goblin barely misses you.
You barely miss the goblin. The goblin hits you with a +0 club.
* * * LOW HITPOINT WARNING * * *
The goblin hits you but does no damage. The hobgoblin closely misses you.
The goblin hits you with a +0 club.
* * * LOW HITPOINT WARNING * * *
The goblin hits you with a +0 club.
* * * LOW HITPOINT WARNING * * *
Unknown command.
You aren't carrying any potions.
You scratch the goblin but do no damage.
The goblin hits you with a +0 club.
* * * LOW HITPOINT WARNING * * *
The hobgoblin hits you.
You die...

## ###
#.###.## #
#.#....).##.#
#......@g...#
#.#...ggg...#
#######.###
... ###


You could see a hobgoblin (strong) and 3 goblins.

Vanquished Creatures
  Robin (D:3)
  An adder (D:2)
  A worm (D:2)
  2 dart slugs
  5 endoplasms
  A giant cockroach (D:1)
  8 goblins
  7 hobgoblins
  6 jackals (D:1)
  A quokka (D:1)
  4 ball pythons
  5 bats
  5 frilled lizards
  5 kobolds
  2 rats
54 creatures vanquished.

Notes
Turn   | Place    | Note
-------+----------+-------------------------------------------
     0 | D:1      | dualclasshuman the Troll Berserker began the quest for the
                  | Orb.
     0 | D:1      | Reached XP level 1. HP: 22/22 MP: 0/0
     6 | D:1      | Noticed a polar bear
     6 | D:1      | Noticed an anaconda
     6 | D:1      | Noticed a killer bee
     6 | D:1      | Noticed an eight-headed hydra
     6 | D:1      | Noticed a swamp worm
    47 | D:1      | Reached XP level 2. HP: 29/29 MP: 1/1
   323 | D:1      | Found a faded altar of an unknown god.
   324 | D:1      | Reached ** piety under Trog
   542 | D:1      | Reached XP level 3. HP: 34/36 MP: 2/2
   557 | D:1      | Found Ewaheke's Distillery.
  1209 | D:2      | Reached skill level 4 in Unarmed Combat
  1297 | D:3      | Noticed Robin
  1300 | D:3      | Reached XP level 4. HP: 44/44 MP: 3/3
  1315 | D:3      | Killed Robin
  1317 | D:3      | HP: 1/44 [goblin[Robin] (6)]
  1317 | D:3      | Slain by a hobgoblin

Illustrated notes

Levels and vault maps discovered:
D:1:      onia_arrival_zoo_common, layout_basic,
          hellmonk_ecumenical_altar_dog_temple, serial_shops, shop
D:2:      layout_basic
D:3:      layout_basic, minmay_crystal_room, uniq_robin

Skill      XL: |  1  2  3 |
---------------+----------+-----
Dodging        | 3 |  3.0
Unarmed Combat | 4 |  4.2
Fighting       | |  2.8

Action                   |  1- 3 |  4- 6 || total
-------------------------+-------+-------++-------
Melee: Unarmed           |   108 |    16 ||   124
       Punch             |     1 |       ||     1
Invok: Berserk           |     1 |       ||     1
 Stab: Sleeping          |     1 |       ||     1
Armor: Animal skin       |    45 |    13 ||    58
Dodge: Dodged            |    59 |    17 ||    76
